 Dungeon Crawl Stone Soup version 0.31-a0-1178-gc5c9b8f871 (webtiles) character file.

Game seed: 12897419637145880253

13656 Pooter the Grappler (level 11, -6/169 HPs)
             Began as a Troll Berserker on Dec 11, 2023.
             Was an Elder of Trog.
             Mangled by a red devil
             ... wielding a +2 trident of flaming
              (9 damage)
             ... in a volcano on Dec 12, 2023.
             The game lasted 01:12:28 (14856 turns).

Pooter the Grappler (Troll Berserker)              Turns: 14856, Time: 01:12:29

Health: -6/169     AC:  5    Str: 35    XL:     11   Next: 78%
Magic:  10/10      EV: 10    Int:  5    God:    Trog [****..]
Gold:   255        SH:  0    Dex: 18    Spells: 10/10 levels left

rFire   + .          .
                       - Unarmed
rCold   . . .        (no shield)
rNeg    . . .        I - +1 robe {rF+}
rPois   .            (helmet restricted)
rElec   .            (no cloak)
rCorr   .            (gloves unavailable)
SInv    .            (boots unavailable)
Will    ++...        w - amulet of regeneration Stlth
                     D - +6 ring of dexterity
HPRegen 3.08/turn    H - ring of Qudois {Str+6 Dex+3}
MPRegen 0.12/turn

%: no passive effects
@: berserking, strong-willed, spiked, regenerating, very quick
A: large, unfitting armour, claws 3, regeneration 1, shaggy fur 1, tough skin 1
a: Renounce Religion, Berserk, Trog's Hand, Brothers in Arms


You were in a volcano.
You worshipped Trog.
Trog was greatly pleased with you.
You visited 2 branches of the dungeon, and saw 11 of its levels.
You also visited: Sewer, Bailey and Volcano.

You collected 868 gold pieces.
You spent 613 gold pieces at shops.

Inventory:

Hand Weapons
 b - a +0 orcbow
   (You took it off a centaur on level 9 of the Dungeon)
 o - a +4 trident of protection
   (You took it off a gnoll sergeant on level 5 of the Dungeon)
 E - a +0 sling of chaos
   (You took it off Joseph on level 7 of the Dungeon)
Missiles
 n - 37 poisoned darts
 B - 28 boomerangs (quivered)
 C - 5 curare-tipped darts
 Q - 128 stones
Armour
 k - a +1 robe of cold resistance
   (You took it off an orc wizard on level 4 of the Dungeon)
 F - a +2 robe of willpower
   (You found it on level 8 of the Dungeon)
 I - a +1 robe of fire resistance (worn)
   (You took it off an orc sorcerer in a volcano)
Jewellery
 w - an amulet of regeneration (around neck)
   (You found it on level 6 of the Dungeon)
 D - a +6 ring of dexterity (left claw)
   (You found it on level 9 of the Dungeon)
 H - the ring of Qudois (right claw) {Str+6 Dex+3}
   (You bought it in a shop on level 1 of the Dungeon)

   [ring of strength]

   Str+6:     It affects your strength (+6).
   Dex+3:     It affects your dexterity (+3).
 N - a ring of positive energy
   (You found it on level 10 of the Dungeon)
Wands
 d - a wand of iceblast (4)
   (You took it off a kobold in a bailey)
 f - a wand of flame (17)
   (You found it on level 9 of the Dungeon)
 g - a wand of mindburst (11)
   (You found it on level 7 of the Dungeon)
 u - a wand of paralysis (3)
   (You found it on level 6 of the Dungeon)
Scrolls
 a - 2 scrolls of immolation {!r}
 h - 3 scrolls of poison {!r}
 i - a scroll of revelation
 j - 4 scrolls of enchant weapon
 s - a scroll of brand weapon
 t - 2 scrolls of teleportation {@r4}
 v - 2 scrolls of blinking
 G - a scroll of vulnerability {!r}
Potions
 c - 8 potions of heal wounds {@q2}
 e - 2 potions of attraction {!q}
 l - 2 potions of enlightenment
 m - 2 potions of resistance
 p - 2 potions of mutation {!q}
 r - a potion of cancellation
 x - 2 potions of curing {@q1}
 y - a potion of might
 z - a potion of invisibility
 A - a potion of lignification {unknown}
Miscellaneous
 q - a tin of tremorstones (1/2)
   (You found it on level 9 of the Dungeon)


   Skills:
 + Level 8.4 Fighting
 + Level 2.8 Ranged Weapons
 + Level 6.9 Throwing
 - Level 2.4 Dodging
 * Level 13.7 Unarmed Combat
 + Level 3.0 Evocations


You had 10 spell levels left.
You didn't know any spells.
Your spell library was empty.

Dungeon Overview and Level Annotations

Branches:
Dungeon (10/15) Zot: 24359  Temple (0/1) D:5            Lair (0/5) D:10
    Orc (1/2) D:10 Zot: 5751   Sewer (visited)          Bailey (visited)
Volcano (1/1) Zot: 5925

Altars:
Ashenzari
Elyvilon
Fedhas
Hepliaklqana
Qazlal
Trog
The Shining One

Shops:
D:1 *   D:3 =   D:4 :   Orc:1 :

Annotations:
D:3 exclusion: oklob plant
Orc:1 3 runed translucent doors, justen's ghost, journeyman MiFi


Innate Abilities, Weirdness & Mutations

You are too large for most types of armour.
You have claws for hands.
Your natural rate of healing is unusually fast.
You are covered in fur. (AC +1)
You have tough skin. (AC +1)


Message History

A red ugly thing, a red devil and a sun demon come into view.
The red devil is wielding a +2 trident of flaming.
Found five items.
The red ugly thing gurgles horribly!
The sun demon shouts!
The tremorstone explodes into fragments!
The burst of rock shards engulfs the red devil!
The burst of rock shards engulfs the sun demon!
The burst of rock shards engulfs the red devil!
The burst of rock shards engulfs the red ugly thing!
The burst of rock shards engulfs the sun demon!
The burst of rock shards engulfs you!!
You hear a bark!
The red devil hits you from afar with a +2 trident of flaming!
Barbed spikes become lodged in your body.
The red devil burns you. The sun demon barely misses you.
Your skin crawls.
You feel strong-willed. The red devil closely misses you.
The red ugly thing punches you!
You are engulfed in flames!
You resist. The sun demon hits you!
* * * LOW HITPOINT WARNING * * *
You are engulfed in flames!
You resist.
* * * LOW HITPOINT WARNING * * *
You are now empty-clawed.
The red devil hits you from afar with a +2 trident of flaming!
* * * LOW HITPOINT WARNING * * *
Barbed spikes become lodged in your body.
The red devil burns you.
* * * LOW HITPOINT WARNING * * *
The red ugly thing punches you.
* * * LOW HITPOINT WARNING * * *
You are engulfed in flames.
You resist.
* * * LOW HITPOINT WARNING * * *
A red film seems to cover your vision as you go berserk!
You feel yourself moving faster!
You feel mighty! The sun demon barely misses you.
The red devil hits you from afar with a +2 trident of flaming!
* * * LOW HITPOINT WARNING * * *
Barbed spikes become lodged in your body.
The red devil burns you.
* * * LOW HITPOINT WARNING * * *
The red ugly thing barely misses you. The sun demon hits you.
* * * LOW HITPOINT WARNING * * *
You are engulfed in flames.
You resist.
* * * LOW HITPOINT WARNING * * *
You mangle the sun demon!! You claw the sun demon!
You kill the sun demon!
Trog accepts your kill.
The red devil hits you from afar with a +2 trident of flaming!
You die...

#.....≈§§≈≈≈§§§§≈...#
##....≈§§§§≈§§§≈....#
###...§§§§≈§§§....#
##.#....§....§...#
##.##...###§.##...##
≈.####### #.####...#
≈!.# ### ##.### .))#
#.#### ..## ##@§§#
∩..# #[u∩§§≈# §..##
#.$4(§§≈# ≈≈.[#
##..$≈§## ≈≈≈##
#!≈≈≈☼# ≈§≈# ##≈≈☼☼#
≈≈## ##≈≈## ≈## ####
#


You could see a red ugly thing and a red devil.

Vanquished Creatures
  A centaur warrior (D:9)
  A boulder beetle (D:9)
  3 two-headed ogres (D:9)
  A sun demon (Volcano)
  An orc knight (Bailey)
  An orc sorcerer (Volcano)
  An ugly thing (D:9)
  A manticore (D:10)
  Joseph (D:7)
  A gargoyle (D:10)
  2 trolls (D:9)
  Grinder (D:5)
  Sigmund (D:2)
  2 wyverns (D:9)
  4 yaks (D:9)
  2 wraiths
  2 steam dragons
  3 fire bats (Orc:1)
  A human (D:10)
  A warg (D:10)
  14 orc warriors
  4 ice beasts
  3 black bears
  A sky beast (D:7)
  3 ogres
  4 centaurs
  A phantom (D:7)
  2 bullfrogs
  3 kobold brigands
  2 scorpions
  5 gnoll sergeants
  4 wights
  9 killer bees
  3 howler monkeys
  An electric eel (D:9)
  3 hounds
  A quasit (Sewer)
  17 orc priests
  3 gnoll boudas
  3 iguanas
  2 jellies
  5 orc wizards
  25 gnolls
  5 adders
  10 shadow imps
  2 white imps
  6 ufetubi
  6 worms
  3 dart slugs
  44 orcs
  6 ball pythons
  12 bats
  6 endoplasms
  6 giant cockroaches
  11 goblins
  13 hobgoblins
  8 jackals
  37 kobolds
  3 quokkas
  3 frilled lizards
  7 rats
337 creatures vanquished.

Notes
Turn   | Place    | Note
-------+----------+-------------------------------------------
     0 | D:1      | Pooter the Troll Berserker began the quest for the Orb.
     0 | D:1      | Reached XP level 1. HP: 22/22 MP: 0/0
   109 | D:1      | Reached XP level 2. HP: 29/29 MP: 1/1
   130 | D:1      | Found Zuemp's General Store.
   319 | D:1      | Reached ** piety under Trog
   322 | D:1      | Reached XP level 3. HP: 30/36 MP: 2/2
   399 | D:2      | Noticed Sigmund
   408 | D:2      | Killed Sigmund
   409 | D:2      | Reached skill level 5 in Unarmed Combat
   409 | D:2      | Reached XP level 4. HP: 45/45 MP: 3/3
   409 | D:2      | Reached XP level 5. HP: 53/53 MP: 4/4
   582 | D:2      | Found a white marble altar of Elyvilon.
   820 | D:3      | You fall into a shaft and drop 1 floor!
   908 | D:4      | Reached XP level 6. HP: 60/62 MP: 5/5
   952 | D:4      | Reached skill level 6 in Unarmed Combat
   974 | D:3      | Found a faded altar of an unknown god.
  1084 | D:3      | Found a stormy altar of Qazlal.
  1084 | D:3      | Found a hazy altar of Hepliaklqana.
  1086 | D:3      | Found a broken altar of Ashenzari.
  1228 | D:1      | Bought a potion of heal wounds for 50 gold pieces
  1228 | D:1      | Bought a potion of curing for 30 gold pieces
  1351 | D:3      | Found Boriafu's Jewellery Shoppe.
  1665 | D:3      | Found a blossoming altar of Fedhas.
  1677 | D:3      | Noticed an oklob plant
  2099 | D:4      | Found Wonwo's Tremendous Tomes.
  2159 | D:4      | Reached *** piety under Trog
  2174 | D:4      | Reached XP level 7. HP: 71/71 MP: 6/6
  2262 | D:5      | Entered Level 5 of the Dungeon
  2267 | D:5      | Reached skill level 7 in Unarmed Combat
  2270 | D:5      | Found a staircase to the Ecumenical Temple.
  2374 | D:1      | Bought a scroll of poison for 40 gold pieces
  2649 | D:5      | Noticed Grinder
  2650 | D:5      | Paralysed by Grinder for 2 turns
  2667 | D:5      | Killed Grinder
  2668 | D:5      | Reached skill level 5 in Fighting
  2668 | D:5      | Reached skill level 8 in Unarmed Combat
  2816 | D:5      | Reached XP level 8. HP: 80/80 MP: 7/7
  3016 | D:6      | Found a glowing drain.
  3021 | Sewer    | Entered a sewer
  3179 | Sewer    | Reached skill level 1 in Throwing
  3268 | Sewer    | Found a burning altar of Makhleb.
  3890 | D:6      | Reached skill level 9 in Unarmed Combat
  3987 | D:6      | Reached **** piety under Trog
  4145 | D:6      | Found a glowing golden altar of the Shining One.
  4555 | D:7      | Reached XP level 9. HP: 86/89 MP: 8/8
  4590 | D:7      | Reached skill level 10 in Unarmed Combat
  4672 | D:7      | Noticed Joseph
  4714 | D:7      | Killed Joseph
  4847 | D:7      | Reached skill level 11 in Unarmed Combat
  5356 | D:8      | Found a flagged portal.
  5363 | Bailey   | Entered a bailey
  5464 | Bailey   | Noticed an orc knight
  5489 | Bailey   | Killed an orc knight
  5490 | Bailey   | Reached XP level 10. HP: 100/100 MP: 9/9
  5816 | Bailey   | Reached skill level 5 in Throwing
  9310 | D:9      | Reached skill level 12 in Unarmed Combat
  9403 | D:9      | Found a bloodstained altar of Trog.
  9433 | D:9      | Noticed a two-headed ogre
  9440 | D:9      | Killed a two-headed ogre
  9467 | D:9      | Noticed a two-headed ogre
  9480 | D:9      | Killed a two-headed ogre
  9481 | D:9      | Reached skill level 1 in Evocations
  9482 | D:9      | Reached skill level 1 in Ranged Weapons
 10315 | D:1      | Bought the ring of Qudois {Str+6 Dex+3} for 493 gold pieces
 10552 | D:9      | Reached XP level 11. HP: 111/111 MP: 10/10
 10566 | D:9      | Noticed a purple ugly thing
 10568 | D:9      | Noticed a two-headed ogre
 10647 | D:9      | Killed a purple ugly thing
 10717 | D:9      | Killed a two-headed ogre
 11101 | D:9      | Reached skill level 13 in Unarmed Combat
 11121 | D:9      | Noticed a centaur warrior
 11823 | D:9      | Noticed a boulder beetle
 11827 | D:9      | Killed a centaur warrior
 11835 | D:9      | Killed a boulder beetle
 11916 | D:10     | Entered Level 10 of the Dungeon
 14185 | D:10     | Found a staircase to the Lair.
 14355 | D:10     | Found a staircase to the Orcish Mines.
 14529 | Orc:1    | Entered Level 1 of the Orcish Mines
 14590 | Orc:1    | Noticed an orc sorcerer
 14595 | Orc:1    | Noticed justen's ghost (journeyman MiFi)
 14597 | Orc:1    | Noticed an orc sorcerer
 14608 | Orc:1    | Found a runed translucent gate.
 14608 | Orc:1    | Found a runed translucent gate.
 14608 | Orc:1    | Found a runed translucent gate.
 14745 | Orc:1    | Found Seudwium's Book Emporium.
 14769 | Orc:1    | Found a dark tunnel.
 14778 | Volcano  | Entered a volcano
 14799 | Volcano  | Noticed an orc sorcerer
 14803 | Volcano  | Killed an orc sorcerer
 14850 | Volcano  | Noticed a red ugly thing
 14850 | Volcano  | Noticed a sun demon
 14854 | Volcano  | HP: 7/169 [sun demon (4)]
 14854 | Volcano  | HP: 1/169 [sun demon (6)]
 14856 | Volcano  | Killed a sun demon
 14856 | Volcano  | Mangled by a red devil

Illustrated notes

Levels and vault maps discovered:
D:1:      roderic_dead_forest, layout_rooms, serial_shops, shop,
          nrook_loot_triangle
D:2:      layout_rooms, basic_altar, uniq_sigmund
D:3:      layout_loops_ring, grunt_temple_overflow_open, tgw_fedhas,
          serial_shops, shop, shapermc_ecumenical_altar_mp_highgroup,
          minmay_circle_x
D:4:      layout_gridville, minivault_25, nicolae_shop_i_like_big_books,
          minivault_11, serial_library_hellmonk_hallway_a, st_stairs_8
D:5:      layout_rooms, minmay_temple_entry_waves, uniq_grinder
D:6:      layout_loops_ring, nicolae_tso_swordbearing_angel,
          portal_sewer_entry_e
D:7:      nicolae_cairo_tiling_large_dashed, layout_gridville, uniq_joseph
D:8:      layout_gridville, enter_bailey_1, moated_statue
D:9:      layout_basic, mainiacjoe_overflow_cross_hatched, minmay_pinched_square
D:10:     layout_irregular_city, lair_entry_dummy, erik_orc_4
Orc:1:    layout_caves, nicolae_volcano_entry_batcave, serial_shops,
          nicolae_shop_peninsula, gammafunk_ghost_split
Volcano:  volcano_pools

Skill      XL: |  1  2  3  4  5  6  7  8  9 10 11 |
---------------+----------------------------------+-----
Fighting       | 3 4 5 6 7 8 |  8.4
Unarmed Combat | 5 6 8 9 11 12 13 | 13.7
Throwing       | 2 4 6 |  6.9
Evocations     | 1 3 |  3.0
Ranged Weapons | 1 2 |  2.8
Dodging        | |  2.4

Action                     |  1- 3 |  4- 6 |  7- 9 | 10-12 || total
---------------------------+-------+-------+-------+-------++-------
  Melee: Unarmed           |    62 |   149 |   275 |   222 ||   708
         Punch             |     1 |     3 |    16 |    13 ||    33
   Fire: Sling             |       |       |    27 |   116 ||   143
         Shortbow          |       |       |       |    16 ||    16
         Orcbow            |       |       |       |    91 ||    91
  Throw: Stone             |       |    12 |       |       ||    12
         Boomerang         |       |       |    25 |    10 ||    35
 Invoke: Trog's Hand       |     1 |     3 |     6 |     8 ||    18
         Berserk           |     1 |     1 |     7 |    13 ||    22
  Evoke: Wand              |       |       |       |    10 ||    10
         Tin of tremorston |       |       |       |     1 ||     1
    Use: Scroll            |       |     1 |    17 |     8 ||    26
         Potion            |       |       |       |     1 ||     1
   Stab: Sleeping          |     1 |     1 |     2 |       ||     4
         Paralysed         |       |       |       |     6 ||     6
 Armour: Animal skin       |    31 |    63 |       |       ||    94
         Robe              |       |    29 |   243 |   227 ||   499
  Dodge: Dodged            |    37 |    56 |   149 |   133 ||   375

Table legend: (Time is in decaauts)
 A = Elapsed time spent in this place.
 B = Non-inter-level travel time spent in this place.
 C = Inter-level travel time spent in this place.
 D = Time resting spent in this place.
 E = Time spent auto-exploring this place.
 F = Levels seen in this place.
 G = Mean time per level.
                   A        B        C        D        E       F      G
               +--------+--------+--------+--------+--------+-----+--------+
         Total |  14977 |  14100 |    877 |   6993 |   4399 |  14 | 1069.8 |
       Dungeon |  11269 |  10392 |    877 |   4317 |   4234 |  10 | 1126.9 |
  Orcish Mines |    248 |    248 |      0 |     80 |      0 |   1 |  248.0 |
         Sewer |    796 |    796 |      0 |    464 |    106 |   1 |  796.0 |
        Bailey |   2589 |   2589 |      0 |   2131 |     59 |   1 | 2589.0 |
       Volcano |     74 |     74 |      0 |      0 |      0 |   1 |   74.0 |
               +--------+--------+--------+--------+--------+-----+--------+

Top non-repeatable levels by time:
     D:9: 2753 daAuts
  Bailey: 2589 daAuts
    D:10: 2322 daAuts
     D:8: 1627 daAuts
     D:3: 992 daAuts
   Sewer: 796 daAuts
     D:6: 720 daAuts
     D:7: 712 daAuts
     D:4: 655 daAuts
     D:5: 635 daAuts
     D:2: 433 daAuts
     D:1: 416 daAuts
   Orc:1: 248 daAuts
 Volcano: 74 daAuts
